 Dungeon Crawl Stone Soup version 0.31-a0-844-gdc52ec4e09 (webtiles) character file.

Game seed: 2152492513059723362

610 Kurtz the Cleaver (level 7, -3/46 HPs)
             Began as an Octopode Fighter on Oct 1, 2023.
             Slain by Menkaure (21 damage)
             ... on level 5 of the Dungeon.
             The game lasted 00:02:10 (3163 turns).

Kurtz the Cleaver (Octopode Fighter)                Turns: 3163, Time: 00:02:10

Health: -3/46      AC:  1    Str: 16    XL:     7   Next: 43%
Magic:  7/7        EV: 13    Int: 10    God:
Gold:   225        SH:  4    Dex: 13    Spells: 6/6 levels left

rFire   . . .        a - +0 war axe
rCold   . . .        b - +0 buckler
rNeg    . . .        (helmet restricted)
rPois   .            (no amulet)
rElec   .            (no ring)
rCorr   .            (no ring)
SInv    .            (no ring)
Will    .....        (no ring)
Stlth   ++           (no ring)
HPRegen 0.27/turn    (no ring)
MPRegen 0.10/turn    (no ring)
                     (no ring)

%: no passive effects
@: mighty
A: almost no armour, amphibious, 8 rings, camouflage 1, gelatinous body 1,
(nimble swimmer 1), tentacles
a: no special abilities


You were on level 5 of the Dungeon.
You visited 1 branch of the dungeon, and saw 5 of its levels.

You collected 225 gold pieces.

Inventory:

Hand Weapons
 a - a +0 war axe (weapon)
Missiles
 m - 6 poisoned darts
Armour
 b - a +0 buckler (worn)
Talismans
 h - a talisman of death
Wands
 j - a wand of mindburst (19)
Scrolls
 d - 2 scrolls of identify {unknown}
 e - a scroll of silence {unknown}
 f - 2 scrolls of teleportation {unknown}
 g - a scroll of noise {unknown}
 i - a scroll of revelation {unknown}
 k - a scroll of amnesia {unknown}
Potions
 c - 2 potions of might
 l - 2 potions of brilliance {unknown}
 n - a potion of cancellation {unknown}
 o - a potion of heal wounds {unknown}


   Skills:
 - Level 3.0 Fighting
 * Level 8.1 Axes
 - Level 3.0 Dodging
 - Level 3.0 Shields


You had 6 spell levels left.
You didn't know any spells.
Your spell library was empty.

Dungeon Overview and Level Annotations

Branches:
Dungeon (5/15)
 Temple: D:4-7

Altars:

Shops:
D:1 [   D:2 ?

Annotations:
D:3 3 runed translucent doors, tinfoiltophat's ghost, amateur TrBe
D:5 Menkaure


Innate Abilities, Weirdness & Mutations

You cannot wear most types of armour.
You are amphibious.
You can wear up to eight rings at the same time.
Your skin changes colour to match your surroundings (Stealth+).
Your rubbery body absorbs attacks. (AC +1, EV +1)
((You are camouflaged when in or above water. (Stealth+)))
You have tentacles for arms and can constrict up to eight enemies at once.


Message History

A goblin comes into view. It is wielding a +0 dagger.
The goblin shouts!
The goblin closely misses you.
A goblin is nearby!
You hit the goblin.
You kill the goblin!
You now have 225 gold pieces (gained 12).
Found a ring mail.
No target in view!
Menkaure, Prince of Dust comes into view.
Found a stone staircase leading down.
Menkaure shouts!
An iguana comes into view.
There are monsters nearby!
Menkaure casts a spell.
Menkaure seems to speed up.
The iguana hisses angrily.
There is a stone staircase leading down here.
Menkaure hits you!!
Ouch! That really hurt!
There are monsters nearby!
You are too injured to fight recklessly!
You are too injured to fight recklessly!
You are too injured to fight recklessly!
Unknown command.
Okay, then.
There is a stone staircase leading down here.
Okay, then.
You block Menkaure's attack.
You climb downwards.
There is a stone staircase leading up here.
You feel very mighty all of a sudden. Menkaure barely misses you.
The jelly quivers.
Unknown command.
You barely miss Menkaure. Your grab misses Menkaure.
Your tentacle-slap misses Menkaure.
You hit the jelly.
Your tentacles burn!
The howler monkey howls!
You block Menkaure's attack. Menkaure hits you!!
You die...

.# .. #. ##.
.. ###.
#...####.###
#.@M.h....
#.J........
#.#####.###
#.. # ##


You could see Menkaure (fast), a howler monkey and a jelly.

Vanquished Creatures
  Grinder (D:3)
  Sigmund (D:2)
  A scorpion (D:4)
  A hound (D:4)
  Jessica (D:2)
  Terence (D:2)
  5 adders
  2 dart slugs
  4 orcs (D:3)
  6 ball pythons
  9 endoplasms
  2 giant cockroaches
  6 hobgoblins
  3 jackals (D:1)
  2 quokkas (D:3)
  7 bats
  3 frilled lizards
  6 goblins
  2 kobolds (D:3)
  10 rats
73 creatures vanquished.

Notes
Turn   | Place    | Note
-------+----------+-------------------------------------------
     0 | D:1      | Kurtz the Octopode Fighter began the quest for the Orb.
     0 | D:1      | Reached XP level 1. HP: 16/16 MP: 1/1
    96 | D:1      | Reached XP level 2. HP: 21/21 MP: 2/2
   140 | D:1      | Reached skill level 3 in Axes
   424 | D:1      | Reached XP level 3. HP: 25/26 MP: 3/3
   892 | D:1      | Found Usupuaxt's Antique Armour Boutique.
  1063 | D:2      | Noticed Terence
  1063 | D:2      | Noticed Sigmund
  1110 | D:2      | Killed Sigmund
  1111 | D:2      | Reached skill level 5 in Axes
  1111 | D:2      | Reached XP level 4. HP: 27/31 MP: 4/4
  1111 | D:2      | Reached XP level 5. HP: 32/36 MP: 5/5
  1176 | D:2      | Found Tausic's Magic Scroll Shop.
  1187 | D:2      | Noticed Jessica
  1194 | D:2      | Killed Jessica
  1195 | D:2      | Reached skill level 6 in Axes
  1359 | D:2      | Reached XP level 6. HP: 23/42 MP: 6/6
  1592 | D:2      | Killed Terence
  1744 | D:2      | Found a faded altar of an unknown god.
  2164 | D:3      | Noticed Grinder
  2172 | D:3      | Killed Grinder
  2173 | D:3      | Reached skill level 7 in Axes
  2173 | D:3      | Reached XP level 7. HP: 36/46 MP: 7/7
  2952 | D:3      | Found a runed translucent gate.
  2953 | D:3      | Found a runed translucent gate.
  2953 | D:3      | Found a runed translucent gate.
  2954 | D:3      | Noticed tinfoiltophat's ghost (amateur TrBe)
  2956 | D:3      | Identified the +7 spear of Himaovut {speed, Str+4}
  2956 | D:3      | Identified the +2 ring mail of Top Ekhi {rPois}
  3059 | D:4      | Reached skill level 8 in Axes
  3155 | D:4      | Noticed Menkaure
  3161 | D:5      | Entered Level 5 of the Dungeon
  3163 | D:5      | Slain by Menkaure

Illustrated notes

Levels and vault maps discovered:
D:1:      onia_arrival_pyramid, layout_basic, serial_shops, shop
D:2:      layout_basic, serial_shops, shop, shapermc_ecumenical_altar_petra,
          chequers_serial_rivers_micro_a, uniq_sigmund, uniq_terence,
          uniq_jessica
D:3:      layout_loops_corners, biasface_ghost_orc_armoury, grunt_ministairs_8,
          uniq_grinder
D:4:      layout_rooms, minmay_temple_entry_stoned_glass,
          kennysheep_generic_room_5, uniq_menkaure, uniq_pikel
D:5:      layout_loops_ring, serial_bayou_pond_e, nrook_loot_triangle,
          minmay_fountain_box

Skill      XL: |  1  2  3  4  5  6  7 |
---------------+----------------------+-----
Axes           | 3 5 6 7 8 |  8.1
Fighting       | |  3.0
Dodging        | |  3.0
Shields        | |  3.0

Action                     |  1- 3 |  4- 6 |  7- 9 || total
---------------------------+-------+-------+-------++-------
  Melee: War axe           |    54 |    51 |    31 ||   136
         Constrict         |    12 |    11 |     7 ||    30
         Tentacles         |     6 |     6 |     7 ||    19
    Use: Potion            |       |       |     1 ||     1
   Stab: Sleeping          |     5 |     7 |     1 ||    13
         Distracted        |       |     1 |       ||     1
 Armour: Skin              |    19 |    16 |    16 ||    51
  Dodge: Dodged            |    35 |    17 |    19 ||    71
  Block: Buckler           |     9 |     6 |     6 ||    21

Table legend: (Time is in decaauts)
 A = Elapsed time spent in this place.
 B = Non-inter-level travel time spent in this place.
 C = Inter-level travel time spent in this place.
 D = Time resting spent in this place.
 E = Time spent auto-exploring this place.
 F = Levels seen in this place.
 G = Mean time per level.
                   A        B        C        D        E       F      G
               +--------+--------+--------+--------+--------+-----+--------+
         Total |   3198 |   3103 |     95 |     19 |   2609 |   5 |  639.6 |
       Dungeon |   3198 |   3103 |     95 |     19 |   2609 |   5 |  639.6 |
               +--------+--------+--------+--------+--------+-----+--------+

Top non-repeatable levels by time:
     D:3: 1128 daAuts
     D:1: 1037 daAuts
     D:2: 870 daAuts
     D:4: 160 daAuts
     D:5: 1 daAuts
